 Dungeon Crawl Stone Soup version 0.23-a0-650-ga4d50d4d25 (webtiles) character file.

1787 Mazzaar the Digger (level 9, -4/49 HPs)
             Began as a Gargoyle Earth Elementalist on Jan 5, 2019.
             Was an Initiate of Vehumet.
             Hit by a tomahawk of returning thrown by an orc warrior (14 damage)
             ... on level 6 of the Dungeon.
             The game lasted 00:24:07 (6901 turns).

Mazzaar the Digger (Gargoyle Earth Elementalist)    Turns: 6901, Time: 00:24:07

Health: -4/49      AC: 12    Str: 13    XL:     9   Next: 8%
Magic:  8/17       EV: 12    Int: 18    God:    Vehumet [......]
Gold:   248        SH:  0    Dex: 10    Spells: 10/19 levels left

rFire    + . .     SeeInvis .   t - +1 dagger (venom)
rCold    + + .     Gourm    .   (no shield)
rNeg     + . .     Faith    .   s - +0 robe of Plog {+Blink rF+ rC+}
rPois    ∞         Spirit   .   p - +0 helmet
rElec    +         Reflect  .   j - +1 cloak
rCorr    .         Harm     .   u - +0 pair of gloves
MR       .....                  (no boots)
Stlth    ++........             (no amulet)
HPRegen  0.16/turn              e - ring of protection from cold
MPRegen  0.15/turn              (no ring)

@: no status effects
A: negative energy resistance 1, electricity resistance, unbreathing,
petrification resistance, rot immunity, AC +6
a: Renounce Religion, Evoke Blink


You were on level 6 of the Dungeon.
You worshipped Vehumet.
Vehumet was noncommittal.
You were hungry.

You visited 2 branches of the dungeon, and saw 7 of its levels.

You collected 345 gold pieces.
You spent 97 gold pieces at shops.

Inventory:

Hand Weapons
 a - a +1 club
 m - a +0 spear
 t - a +1 dagger of venom (weapon)
Missiles
 b - 25 stones (quivered)
Armour
 c - a +0 robe
 j - a +1 cloak (worn)
 p - a +0 helmet (worn)
 s - the +0 robe of Plog (worn) {+Blink rF+ rC+}
   (You found it on level 4 of the Dungeon)

   It protects you from fire.
   It protects you from cold.
   It lets you blink.
 u - a +0 pair of gloves (worn)
Jewellery
 e - a ring of protection from cold (left hand)
 v - an uncursed ring of fire
Wands
 q - a wand of random effects (8)
Scrolls
 n - 4 scrolls of teleportation
 z - a scroll of magic mapping
Potions
 f - 4 potions of flight
 g - 3 potions of heal wounds
 h - a potion of resistance
 i - a potion of magic
 k - 4 potions of curing
 l - a potion of haste
 o - 2 potions of invisibility
 r - a potion of brilliance {unknown}
 w - a potion of lignification {unknown}
 x - a potion of berserk rage {unknown}
 A - a potion of cancellation {unknown}
Comestibles
 d - 6 rations
 B - 3 chunks of flesh


   Skills:
 + Level 2.3 Fighting
 + Level 1.7 Polearms
 + Level 2.2 Armour
 + Level 2.4 Dodging
 - Level 2.1 Stealth
 + Level 5.7 Spellcasting
 + Level 5.9 Conjurations
   Level 0.7 Transmutations
 + Level 7.9 Earth Magic
 + Level 1.9 Evocations


You had 10 spell levels left.
You knew the following spells:

 Your Spells              Type           Power        Failure   Level  Hunger
a - Sandblast             Erth           ####..       1%          1    None
b - Stone Arrow           Conj/Erth      ####..       2%          3    ##.....
c - Lee's Rapid Deconstr  Erth           ####......   13%         5    #####..

Your spell library contained the following spells:

 Spells                   Type           Power        Failure   Level  Hunger
 Passwall                 Tmut/Erth      ###.....     3%          2    None
 Petrify                  Tmut/Erth      ###.....     21%         4    ####...


Dungeon Overview and Level Annotations

Branches:
Dungeon (6/15)             Temple (1/1) D:5

Altars:
Ashenzari
Cheibriados
Dithmenos
Elyvilon
Fedhas
Gozag
Makhleb
Nemelex Xobeh
Okawaru
Qazlal
Ru
Trog
Uskayaw
Vehumet
Wu Jian
Yredelemnul
Zin
The Shining One
Lugonu

Shops:
D:5 (!(?*


Innate Abilities, Weirdness & Mutations

You are resistant to torment.
Your stone body is resilient. (AC +6)
You are immune to poison.
You resist negative energy. (rN+)
You are resistant to electric shocks. (rElec)
You can survive without breathing.
You are immune to petrification.
You are immune to rotting.


Message History

The tomahawk of returning hits you!
The weapon returns to the orc warrior!
The orc warrior throws a tomahawk of returning.
The tomahawk of returning misses you.
The weapon returns to the orc warrior!
The orc warrior throws a tomahawk of returning.
The tomahawk of returning closely misses you.
The weapon returns to the orc warrior!
You see here a leopard gecko skeleton.
The orc warrior throws a tomahawk of returning.
The tomahawk of returning hits you!
* * * LOW HITPOINT WARNING * * *
The weapon returns to the orc warrior!
The centaur skeleton closely misses you. x2
The orc warrior throws a tomahawk of returning.
The tomahawk of returning barely misses you.
The weapon returns to the orc warrior!
The centaur skeleton barely misses you.
The centaur skeleton hits you but does no damage.
The orc warrior throws a tomahawk of returning.
The tomahawk of returning hits you!
You die...

#...#..#..# #._.#..#).#
#...#((#..# #...####..#
##........#
#####....###########.
#..........#.....
###...Z......#.##..###
#....@...÷...#.##.....
#............#.# .....
#..............# #...
#........###o..####...
############.##.......o.o.
#.....# #..#.#>o.......
#.###.#######.#.#.........
#.##....)...#.#.##...#....
#....######.#.#....#.##...


You could see an orc warrior, 2 dancing weapons and a centaur skeleton.

Vanquished Creatures
  Pikel (D:5)
  Duvessa (D:6)
  3 slaves (D:5)
  An ice beast (D:4)
  3 ogres
  The ghost of Yermak the Caller, an amateur GnSu (D:4)
  A bullfrog (D:6)
  Dowan (D:6)
  2 scorpions (D:5)
  A howler monkey (D:2)
  A crimson imp (D:5)
  A hound (D:4)
  4 orc wizards
  A bullfrog skeleton (D:5)
  An iguana (D:5)
  2 worker ants
  A centaur simulacrum (D:4)
  2 hound skeletons (D:6)
  Robin (D:2)
  A worker ant zombie (D:5)
  9 adders
  A worker ant simulacrum (D:4)
  An ooze (D:4)
  An adder skeleton (D:5)
  3 worms
  A dart slug (D:3)
  5 leopard geckos
  17 orcs
  17 goblins
  10 hobgoblins
  14 jackals
  3 quokkas
  7 bats
  4 frilled lizards
  2 giant cockroach simulacra (D:4)
  7 kobolds
  10 rats
142 creatures vanquished.

Notes
Turn   | Place    | Note
-------+----------+-------------------------------------------
     0 | D:1      | Mazzaar the Gargoyle Earth Elementalist began the quest for
                  | the Orb.
     0 | D:1      | Reached XP level 1. HP: 10/10 MP: 3/3
   174 | D:1      | Reached skill level 4 in Earth Magic
   174 | D:1      | Reached XP level 2. HP: 15/15 MP: 0/5
  1090 | D:2      | Reached XP level 3. HP: 19/19 MP: 3/6
  1095 | D:2      | Learned a level 3 spell: Stone Arrow
  1292 | D:2      | Found a glowing silver altar of Zin.
  1292 | D:2      | Found a white marble altar of Elyvilon.
  1377 | D:2      | Noticed Robin
  1405 | D:2      | Killed Robin
  1466 | D:2      | Reached skill level 1 in Conjurations
  1533 | D:2      | Reached XP level 4. HP: 20/24 MP: 8/8
  1892 | D:2      | Reached skill level 5 in Earth Magic
  1892 | D:2      | Reached XP level 5. HP: 18/28 MP: 9/9
  2208 | D:3      | Found a burning altar of Makhleb.
  2221 | D:3      | Learned a level 5 spell: Lee's Rapid Deconstruction
  2680 | D:3      | Reached XP level 6. HP: 6/32 MP: 1/11
  2684 | D:3      | Found a snail-covered altar of Cheibriados.
  2966 | D:3      | Found a bloodstained altar of Trog.
  3314 | D:3      | Found a shattered altar of Ashenzari.
  3508 | D:3      | Found a sparkling altar of Nemelex Xobeh.
  4002 | D:4      | Got a twisted robe
  4013 | D:4      | Identified the cursed +0 robe of Plog {+Blink rF+ rC+} (You
                  | found it on level 4 of the Dungeon)
  4111 | D:4      | Reached skill level 6 in Earth Magic
  4231 | D:4      | Found a runed gate.
  4233 | D:4      | Found a runed gate.
  4237 | D:4      | Found a runed gate.
  4263 | D:4      | Noticed Yermak's ghost (amateur GnSu)
  4279 | D:4      | Noticed an ice beast
  4427 | D:4      | Reached XP level 7. HP: 36/36 MP: 6/13
  4737 | D:4      | Killed Yermak's ghost
  4999 | D:4      | Got a jewelled dagger
  5000 | D:4      | Identified the +0 dagger "Zenabar" {freeze, rC+} (You found
                  | it on level 4 of the Dungeon)
  5185 | D:5      | Entered Level 5 of the Dungeon
  5185 | D:5      | Found Loffaewi's Weapon Shoppe.
  5185 | D:5      | Found Bualeulu's Distillery.
  5298 | D:5      | Found a staircase to the Ecumenical Temple.
  5307 | Temple   | Entered the Ecumenical Temple
  5404 | D:5      | Found Vyps's Antique Weapon Shop.
  5426 | D:5      | Found a sacrificial altar of Ru.
  5444 | D:5      | Reached skill level 5 in Spellcasting
  5444 | D:5      | Reached skill level 7 in Earth Magic
  5473 | D:5      | Reached skill level 5 in Conjurations
  5473 | D:5      | Reached XP level 8. HP: 38/41 MP: 15/15
  5645 | D:5      | Found a radiant altar of Vehumet.
  5662 | D:5      | Became a worshipper of Vehumet
  5887 | D:5      | Found Deulas's Magic Scroll Shoppe.
  5895 | D:5      | Bought a scroll of identify for 26 gold pieces
  5895 | D:5      | Bought a scroll of magic mapping for 45 gold pieces
  5895 | D:5      | Bought a scroll of identify for 26 gold pieces
  6120 | D:5      | Found Doogaff's Assorted Antiques.
  6149 | D:5      | Noticed Pikel
  6193 | D:5      | Killed Pikel
  6193 | D:5      | Reached skill level 1 in Fighting
  6193 | D:5      | Reached skill level 1 in Polearms
  6193 | D:5      | Reached skill level 1 in Armour
  6193 | D:5      | Reached skill level 1 in Evocations
  6672 | D:6      | Noticed a +0 hand axe
  6676 | D:6      | Noticed a +0 hand axe
  6692 | D:6      | Found a hide-covered altar of Uskayaw.
  6722 | D:6      | Noticed Dowan
  6725 | D:6      | Noticed Duvessa
  6734 | D:6      | Killed Duvessa
  6737 | D:6      | Killed Dowan
  6737 | D:6      | Reached XP level 9. HP: 41/48 MP: 9/17
  6901 | D:6      | Hit by a tomahawk of returning thrown by an orc warrior

Vault maps used:
D:1:      wander_arrival_fairy_ring
D:2:      gammafunk_temple_overflow_wave, first_ration, uniq_robin
D:3:      wad_crossroads, old_standard_altar, nicolae_overflow_crystal_walls,
          gammafunk_temple_overflow_forgotten
D:4:      gammafunk_ghost_icy
D:5:      vehumet_crystals, nicolae_ru_sacrificial_ziggurat,
          minmay_temple_entry_statues_pillars, serial_co_window_serial,
          co_window_paths_b, co_window_paths_b, co_window_corner_a,
          co_window_of_opportunity_a, co_window_of_opportunity_a,
          co_window_corner_b, co_window_broadway_c, co_window_paths_c,
          co_window_unsneaky_path_c, co_window_of_opportunity_c,
          glass_columns_a, glass_columns_a, glass_columns_b, serial_shops, shop,
          shop, nicolae_shop_temple_entry_statues_fountains, shop, shop,
          uniq_pikel
D:6:      dancing_weapons_uskayaw, kennysheep_little_box, uniq_menkaure,
          uniq_duvessa, uniq_sigmund
Temple:   corrupted_temple

Skill      XL: |  1  2  3  4  5  6  7  8 |
---------------+-------------------------+-----
Earth Magic    | 4 5 6 7 |  7.9
Conjurations   | 1 2 3 5 |  5.9
Spellcasting   | 3 4 5 |  5.7
Fighting       | 2 |  2.3
Polearms       | 1 |  1.7
Armour         | 2 |  2.2
Dodging        | 2 |  2.4
Evocations     | 1 |  1.9
Stealth        | |  2.1
Transmutations | |  0.7

Action                   |  1- 3 |  4- 6 |  7- 9 || total
-------------------------+-------+-------+-------++-------
Melee: Club              |    41 |    13 |       ||    54
       Dagger            |       |   245 |   160 ||   405
 Cast: Sandblast         |    31 |    26 |    42 ||    99
       Stone Arrow       |     1 |     1 |       ||     2
       Lee's Rapid Decon |       |       |     7 ||     7
Evoke: Wand              |       |       |     6 ||     6
  Use: Scroll            |     4 |     4 |     6 ||    14
       Potion            |       |       |     1 ||     1
 Stab: Sleeping          |     1 |     4 |       ||     5
       Invisible         |       |       |     2 ||     2
  Eat: Chunk             |     2 |    10 |     3 ||    15
       Ration            |       |       |     2 ||     2
Armor: Robe              |    20 |   120 |    75 ||   215
Dodge: Dodged            |    28 |   160 |   132 ||   320

Table legend:
 A = Non-vault XP
 B = Vault XP
 C = Vault XP percentage of total XP
 D = Non-vault monster count
 E = Vault monster count
 F = Vault count percentage of total count
                 A         B        C        D         E       F
            +---------+---------+-------+---------+---------+-------
      Total |    1392 |    1162 |  45.5 |     113 |      26 |  18.7
            +---------+---------+-------+---------+---------+-------
        D:1 |      28 |       0 |   0.0 |      17 |       0 |   0.0
        D:2 |     135 |      40 |  22.9 |      19 |      13 |  40.6
        D:3 |     194 |       5 |   2.5 |      41 |       4 |   8.9
        D:4 |     241 |     273 |  53.1 |      13 |       6 |  31.6
        D:5 |     610 |     617 |  50.3 |      16 |       1 |   5.9
        D:6 |     184 |     227 |  55.2 |       7 |       2 |  22.2
            +---------+---------+-------+---------+---------+-------
